 Dungeon Crawl Stone Soup version 0.28.0-43-g3370ac3207 (webtiles) character file.

Game seed: 15563550209578938929

173 MisterFreud the Chopper (level 5, 0/46 HPs)
             Began as a Hill Orc Abyssal Knight on Mar 28, 2022.
             Was a Believer of Lugonu.
             Slain by an orc wizard
             ... wielding a +0 dagger
              (2 damage)
             ... on level 3 of the Dungeon.
             The game lasted 00:03:05 (3129 turns).

MisterFreud the Chopper (Hill Orc Abyssal Knight)   Turns: 3129, Time: 00:03:06

Health: 0/46       AC:  3    Str: 18    XL:     5   Next: 53%
Magic:  6/6        EV: 11    Int: 10    God:    Lugonu [**....]
Gold:   114        SH:  0    Dex: 17    Spells: 4/4 levels left

rFire   . . .      SeeInvis .   p - +0 hand axe (freeze)
rCold   . . .      Faith    .   (no shield)
rNeg    . . .      Spirit   .   b - +0 leather armour
rPois   .          Reflect  .   (no helmet)
rElec   .          Harm     .   (no cloak)
rCorr   .          Rampage  .   (no gloves)
Will    .....                   (no boots)
Stlth   +.........              (no amulet)
HPRegen 0.15/turn               i - +6 ring of dexterity
MPRegen 0.10/turn               (no ring)

@: no status effects
A: no striking features
a: Renounce Religion, Depart the Abyss, Bend Space


You were on level 3 of the Dungeon.
You worshipped Lugonu.
Lugonu was pleased with you.
You visited 1 branch of the dungeon, and saw 3 of its levels.
You visited the Abyss 1 time.

You collected 114 gold pieces.

Inventory:

Hand Weapons
 a - a +1 hand axe
 p - a +0 hand axe of freezing (weapon)
Missiles
 h - 10 poisoned darts
Armour
 b - a +0 leather armour (worn)
Jewellery
 i - a +6 ring of dexterity (left hand)
Scrolls
 c - 2 scrolls of blinking {unknown}
 e - 7 scrolls of identify {unknown}
 f - a scroll of magic mapping {unknown}
 g - a scroll of silence {unknown}
 j - a scroll of enchant armour {unknown}
 m - 2 scrolls of teleportation {unknown}
 o - a scroll of amnesia {unknown}
 q - a scroll of fog {unknown}
Potions
 d - 2 potions of curing {unknown}
 k - 3 potions of mutation {unknown}
 l - a potion of degeneration {unknown}
 n - a potion of resistance {unknown}
 r - a potion of heal wounds {unknown}


   Skills:
 - Level 3.7 Fighting
 + Level 7.0 Axes
 - Level 2.3 Armour
 - Level 1.0 Dodging
 - Level 2.6 Invocations


You had 4 spell levels left.
You didn't know any spells.
Your spell library was empty.

Dungeon Overview and Level Annotations

Branches:
Dungeon (3/15)

Altars:


Message History

Deactivating autopickup; reactivate with Ctrl-A.
The orc priest hits you with a +0 hand axe.
Unknown command.
You hit the orc priest. You freeze the orc priest.
The orc priest is heavily wounded.
You miss something. Something hits you but does no damage.
The orc priest hits you but does no damage.
Unknown command.
You barely miss the orc priest.
The orc priest is heavily wounded.
You completely miss something.
The orc priest looks braver for a moment.
Something hits you.
Unknown command.
You hit the orc priest. You freeze the orc priest.
The orc priest is almost dead.
You barely miss something. Something hits you.
* * * LOW HITPOINT WARNING * * *
The orc priest barely misses you.
Unknown command.
The orc priest shouts, "Join the one true god or die!"
You hit the orc priest. You freeze the orc priest.
You kill the orc priest!
Lugonu accepts your kill.
You hit something. You freeze something.
You hear some strange, mumbled words.
A magic dart appears from out of thin air!
The magic dart hits you!
* * * LOW HITPOINT WARNING * * *
Your Axes skill increases to level 7!
Unknown command.
Unknown command.
You hit the orc. You freeze the orc.
You kill the orc!
Lugonu accepts your kill.
You hit something but do no damage. Something hits you.
* * * LOW HITPOINT WARNING * * *
You barely miss something. Something hits you but does no damage.
You miss something. Something hits you.
You die...

..# ........# ####.#.#... ..#
....... #.#.#... ..# .<.....
#.#.#... ..#### ###......
#.#.#... .....#####....##.###
#.#.....
........##....##...#######.##....
.>............)..)........>......
..............##){.....#..####.^.
....<..#......##@.........####...
.......#......##.................
######.#......#####..####...##...
#....###<.....# #....# #..#......
......##..###.###.#..###.#####...
..........# ...#........# #....
.......#..## #.#..#.##### #.###
.†.....#...# ##....#.# #.#
.†.....##..###.......# ##.##


There were no monsters in sight!

Vanquished Creatures
  2 orc priests (D:3)
  4 dart slugs
  A worm (D:2)
  7 orcs (D:3)
  2 endoplasms (D:1)
  17 giant cockroaches
  7 goblins
  5 hobgoblins
  14 jackals
  3 quokkas
  4 ball pythons
  8 bats
  A frilled lizard (D:1)
  5 kobolds
  4 rats
84 creatures vanquished.

Vanquished Creatures (others)
  A fungus (D:3)
  A plant (D:3)
2 creatures vanquished.

Grand Total: 86 creatures vanquished

Notes
Turn   | Place    | Note
-------+----------+-------------------------------------------
     0 | Abyss:1  | MisterFreud the Hill Orc Abyssal Knight began the quest for
                  | the Orb.
     0 | Abyss:1  | Reached XP level 1. HP: 19/19 MP: 2/2
    57 | Abyss:1  | Noticed a small abomination
    58 | D:1      | Escaped the Abyss
    73 | D:1      | Noticed a ghoul
    73 | D:1      | Noticed a minotaur
    75 | D:1      | Noticed a demonspawn
    75 | D:1      | Noticed an elf
    77 | D:1      | Noticed an ogre
    79 | D:1      | Noticed a spriggan
    81 | D:1      | Noticed a human
    83 | D:1      | Noticed a demigod
    83 | D:1      | Noticed a vampire
    85 | D:1      | Noticed a troll
    85 | D:1      | Noticed a tengu
    87 | D:1      | Noticed a naga
    87 | D:1      | Noticed a dwarf
    89 | D:1      | Noticed a merfolk
    89 | D:1      | Noticed a felid
    91 | D:1      | Noticed a formicid
    93 | D:1      | Noticed a vine stalker
    93 | D:1      | Noticed a draconian
    95 | D:1      | Noticed a gargoyle
    97 | D:1      | Noticed an octopode
   353 | D:1      | Reached * piety under Lugonu
   366 | D:1      | Reached skill level 1 in Dodging
   366 | D:1      | Reached XP level 2. HP: 27/27 MP: 3/3
   410 | D:1      | Reached skill level 3 in Axes
   865 | D:1      | Reached skill level 4 in Axes
   865 | D:1      | Reached XP level 3. HP: 25/33 MP: 4/4
  1365 | D:2      | Reached ** piety under Lugonu
  1565 | D:2      | Reached skill level 5 in Axes
  1584 | D:2      | Reached XP level 4. HP: 38/40 MP: 5/5
  2871 | D:3      | Reached skill level 6 in Axes
  3117 | D:3      | Reached XP level 5. HP: 32/46 MP: 6/6
  3125 | D:3      | Reached skill level 7 in Axes
  3127 | D:3      | HP: 2/46 [something (4)]
  3129 | D:3      | Slain by an orc wizard

Illustrated notes

Levels and vault maps discovered:
D:1:      kb_arrival_jail, layout_rooms
D:2:      layout_basic, kennysheep_boxes
D:3:      minmay_roachtagon, layout_rooms,
          shapermc_ecumenical_altar_mp_ritualfount

Skill      XL: |  1  2  3  4  5 |
---------------+----------------+-----
Dodging        | 1 |  1.0
Axes           | 4 5 6 7 |  7.0
Fighting       | |  3.7
Armour         | |  2.3
Invocations    | |  2.6

Action                   |  1- 3 |  4- 6 || total
-------------------------+-------+-------++-------
Melee: Hand axe          |   123 |   100 ||   223
       Punch             |     2 |     2 ||     4
Invok: Depart the Abyss  |     1 |       ||     1
 Stab: Sleeping          |     1 |       ||     1
Armor: Leather armour    |    35 |    28 ||    63
Dodge: Dodged            |    84 |    56 ||   140
